 Dungeon Crawl Stone Soup version 0.16.1-2-g95b8d4c (webtiles) character file.

65 Huymann the Conjurer (level 3, -1/28 HPs)
             Began as a Demigod Conjurer on Mar 25, 2015.
             Slain by Jessica
             ... wielding a +0 club
              (4 damage)
             ... on level 3 of the Dungeon.
             The game lasted 00:11:49 (2280 turns).

Huymann the Conjurer (Demigod Conjurer)             Turns: 2280, Time: 00:11:49

Health: -1/28      AC:  4    Str: 11    XL:     3   Next: 67%
Magic:  7/8        EV: 13    Int: 21    God:
Gold:   97         SH:  0    Dex: 16    Spells: 1 memorised, 5 levels left

rFire  . . .     SeeInvis .     h - +0 dagger
rCold  . . .     Clarity  .     a - +0 robe
rNeg   . . .     SustAb   +     (no shield)
rPois  .         Gourm    .     d - +2 hat
rElec  .         Spirit   .     (no cloak)
rCorr  .         Warding  .     (no gloves)
rMut   .         Stasis   .     (no boots)
MR     .....                    (no amulet)
Stlth  ++........               (no ring)
                                (no ring)

@: not resistant to hostile enchantments, unstealthy
A: sustain abilities
a: no special abilities


You were on level 3 of the Dungeon.
You were near starving.

You visited 1 branch of the dungeon, and saw 3 of its levels.

You collected 97 gold pieces.

Inventory:

Hand weapons
 f - a cursed -1 club
 h - a +0 dagger (weapon)
Missiles
 j - 4 javelins of returning (quivered)
 m - 16 poisoned needles
Armour
 a - a +0 robe (worn)
 d - a +2 hat (worn)
 p - a +0 buckler
Scrolls
 o - a scroll of identify
Potions
 g - a potion of might {unknown}
 k - a potion of haste {unknown}
 n - a potion of resistance {unknown}
Books
 c - a book of Conjurations

   Spells                             Type                      Level
   a - Magic Dart                     Conjuration                  1
   b - Searing Ray                    Conjuration                  2
   c - Dazzling Spray                 Conjuration/Hexes            3
   d - Fulminant Prism                Conjuration/Hexes            4
   e - Iskenderun's Mystic Blast      Conjuration                  4
   f - Iskenderun's Battlesphere      Conjuration/Charms           5
Comestibles
 b - a bread ration


   Skills:
 * Level 1.0 Fighting
 + Level 0.1 Throwing
 * Level 2.2 Dodging
 * Level 2.1 Stealth
 * Level 0.3 Shields
 + Level 0.3 Unarmed Combat
 * Level 2.2 Spellcasting
 + Level 4.0 Conjurations


You had 5 spell levels left.
You knew the following spells:

 Your Spells              Type           Power        Failure   Level  Hunger
a - Magic Dart            Conj           ###.         2%          1    #......


Dungeon Overview and Level Annotations

Branches:
Dungeon (3/15)

Annotations:
D:3 Jessica


Innate Abilities, Weirdness & Mutations

Your attributes are resistant to harm.


Message History

Press: ? - help, Shift-Dir - straight line The magic dart hits something.
Something hits you but does no damage. Something hits you.
* * * LOW HITPOINT WARNING * * *
Throwing (i - inventory. (,) - cycle):
e - 2 tomahawks (quivered)
Press: ? - help, Shift-Dir - straight line You throw a tomahawk.
Something hits you.
* * * LOW HITPOINT WARNING * * *
You miss something. Something completely misses you.
Throwing (i - inventory. (,) - cycle):
e - a tomahawk (quivered)
Press: ? - help, Shift-Dir - straight line You throw a tomahawk.
Something hits you but does no damage. Something hits you.
* * * LOW HITPOINT WARNING * * *
Throwing (i - inventory):
j - 5 javelins of returning (quivered)
Press: ? - help, Shift-Dir - straight line You throw a javelin of returning.
The javelin of returning fails to return to your pack!
Something hits you.
You die...

..#.# #.#
####.# #.#
..##.# #.#
#.##.# #.#
#.#..# #.#
#.#.## #.#
#.#.# #.#
#####.#.#
##.#
#(....{@#
#..#
#.###.###
#.## #.#
#.# ..# #.#
##.# #.#
#.#######.#
..#...#..)#
###.<.###.#
#...# #.#


There were no monsters in sight!

Vanquished Creatures
  Terence (D:2)
  An adder (D:2)
  A worm (D:2)
  2 giant geckos
  An ooze (D:3)
  2 bats (D:1)
  3 goblins
  7 hobgoblins
  3 jackals (D:2)
  2 quokkas (D:2)
  4 kobolds
  4 rats
31 creatures vanquished.

Notes
Turn   | Place    | Note
--------------------------------------------------------------
     0 | D:1      | Huymann, the Demigod Conjurer, began the quest for the Orb.
     0 | D:1      | Reached XP level 1. HP: 14/14 MP: 3/3
   458 | D:1      | Reached XP level 2. HP: 20/20 MP: 1/4
   977 | D:2      | Noticed Terence
  1385 | D:2      | Reached XP level 3. HP: 27/27 MP: 3/8
  1642 | D:2      | Killed Terence
  1833 | D:2      | Reached skill level 4 in Conjurations
  2032 | D:2      | Reached skill level 1 in Fighting
  2250 | D:3      | Noticed Jessica
  2280 | D:3      | Slain by Jessica

Action                   || total
-------------------------++-------
Melee: Dagger            ||     6
Throw: Tomahawk          ||    14
       Javelin           ||     5
 Cast: Magic Dart        ||    78
  Use: Scroll            ||     1
       Potion            ||     2
 Stab: Sleeping          ||     1
  Eat: Chunk             ||     3
